AoeStats
← GORGORY

Arabia

505677303Analyzed
1v1 RM · 23d ago on Sep 10, 2026· 21m 1s· 2 players
Game mode
Random Map
Map size
Tiny (2 player)
Population
200
Speed
Normal
Resources
Standard
Victory
Conquest
Starting age
Dark Age
Ending age
Imperial Age
RankedLock teamsTeams togetherTeam positionsShared explorationLock speedFull tech treeHidden civsTurbo modeCheats
Victory
Defeat
🇦🇷 Huns · Argentina
1017
+17
🇦🇷 Ethiopians · Argentina
1032
-17
MG鬼
5:27 Loom
8:59 Feudal Age
9:36 Double-Bit Axe
10:14 Horse Collar
18:34 Castle Age
18:38 Fletching
18:48 Padded Archer Armor
18:42 Gold Mining
19:29 Bodkin Arrow
19:55 Husbandry
GORGORY
5:55 Loom
9:10 Feudal Age
9:40 Double-Bit Axe
10:08 Horse Collar
14:55 Wheelbarrow
20:52 Castle Age
20:08 Stone Mining
20:28 Fletching
Connection lost

Rejoining the realm…

Still unreachable

The connection could not be restored.

Session expired

The server has moved on; the page needs a fresh start.